Map: Orbital Shipyard

Players

원님

  • Race: Terran Terran
  • League: Diamond

ILLBdA - Winner!

  • Race: Protoss Protoss
  • League: Diamond

VOD

Have the link to the VOD?

Description

Time

  • Played on: Dec. 25, 2015, 9:23 a.m.
  • Length: 5:30
Show
View Real Time Build Order
Export as new Build Order

원님 Terran 

Build Orders: Command Center First (CC) 

Get SALT Encoding   

  12  0:00  SCV  
  13  0:12  SCV  
  14  0:24  SCV  
  14  0:27  Supply Depot  
  15  0:58  Command Center  
  15  1:10  Barracks  
  15  1:13  SCV  
  16  1:25  SCV  
  17  1:37  SCV  
  18  1:45  Refinery  
  18  1:50  SCV  
  19  2:01  Bunker  
  19  2:05  Marine  
  20  2:10  Orbital Command  
  20  2:12  Orbital Command  
  20  2:14  Supply Depot  
  20  2:41  Command Center  
  20  2:45  Marine  
  21  2:54  SCV x2  
  22  3:09  SCV  
  22  3:10  Barracks  
  22  3:12  Barracks  
  23  3:13  SCV  
  23  3:16  Marine  
  25  3:21  SCV  
  26  3:30  SCV  
  26  3:33  SCV  
  26  3:34  Marine  
  29  3:42  SCV  
  26  3:50  SCV  
  26  3:51  Marine  
  28  3:59  Marine  
  28  4:00  Marine  
  28  4:02  Bunker  
  29  4:03  Bunker  
  29  4:04  Supply Depot  
  29  4:05  Supply Depot  
  29  4:09  Marine  
  29  4:17  SCV, Marine x2  
  27  4:35  Marine  
Show
View Real Time Build Order
Export as new Build Order

ILLBdA Protoss - Winner!

Build Orders: 1 Gate Expand 

Get SALT Encoding   

  12  0:01  Probe (Chrono Boost)  
  13  0:11  Probe (Chrono Boost)  
  14  0:21  Pylon  
  14  0:22  Probe (Chrono Boost)  
  15  0:39  Probe (Chrono Boost)  
  15  0:40  Gateway  
  16  0:42  Assimilator  
  17  0:50  Probe (Chrono Boost)  
  17  1:00  Probe (Chrono Boost)  
  18  1:11  Probe (Chrono Boost)  
  19  1:21  Probe (Chrono Boost)  
  20  1:29  Cybernetics Core  
  20  1:32  Probe (Chrono Boost)  
  21  1:38  Nexus  
  21  1:44  Probe (Chrono Boost)  
  22  1:47  Assimilator  
  22  1:52  Pylon  
  22  1:55  Probe (Chrono Boost)  
  23  2:10  Adept  
  23  2:11  Mothership Core (Chrono Boost)  
  27  2:16  Warp Gate  
  28  2:30  Probe (Chrono Boost)  
  28  2:37  Stalker (Chrono Boost)  
  30  2:50  Probe  
  30  2:51  Probe  
  32  3:00  Probe  
  32  3:03  Probe  
  32  3:04  Stalker (Chrono Boost)  
  36  3:11  Probe  
  36  3:13  Twilight Council  
  36  3:16  Pylon  
  36  3:18  Pylon  
  37  3:21  Pylon  
  37  3:30  Stalker (Chrono Boost)  
  39  3:49  Pylon  
  39  3:53  Probe  
  42  4:03  Probe  
  43  4:10  Pylon  
  41  4:30  Stalker  
  42  4:41  Probe  
  42  4:42  Probe  
  42  4:51  Gateway  
  42  4:52  Gateway, Pylon  
  42  4:53  Gateway x2  
  42  4:54  Probe  
  42  4:55  Gateway, Pylon  
  42  5:02  Stalker  
  42  5:03  Probe  
  42  5:06  Probe  
  42  5:14  Probe  
Tags
 
Add a new tag
Caveats
  • Supply blocks, unpowered buildings, or Contaminate may cause inaccurate times.
  • Supply counts are checked every 10 seconds.